 Dungeon Crawl Stone Soup version 0.27-a0-1006-g1fd4cec11e (webtiles) character file.

Game seed: 5182124673869598681

0 spiderkeys the Skirmisher (level 1, -10/18 HPs)
             Began as a Demonspawn Abyssal Knight on Apr 17, 2021.
             Was a Follower of Lugonu.
             Mangled by a flying skull (12 damage)
             ... on level 1 of the Abyss.
             The game lasted 00:00:29 (96 turns).

spiderkeys the Skirmisher (Demonspawn Abyssal Knight) Turns: 96, Time: 00:00:30

Health: -10/18     AC:  3    Str: 12      XL:     1   Next: 0%
Magic:  0/2        EV: 11    Int: 12 (13) God:    Lugonu [*.....]
Gold:   0          SH:  0    Dex: 12      Spells: 0/0 levels left

rFire    . . .     SeeInvis .   a - +1 spear
rCold    . . .     Faith    .   (no shield)
rNeg     . . .     Spirit   +   b - +0 leather armour
rPois    .         Reflect  .   (no helmet)
rElec    .         Harm     .   (no cloak)
rCorr    .         Rampage  .   (no gloves)
Will     .....                  (no boots)
Stlth    +.........             G - amulet of guardian spirit
HPRegen  0.06/turn              (no ring)
MPRegen  0.08/turn              (no ring)

@: no status effects
A: no striking features
a: Renounce Religion, Depart the Abyss


You were on level 1 of the Abyss.
You worshipped Lugonu.
Lugonu was aware of your devotion.
You visited 0 branches of the dungeon, and saw 0 of its levels.
You visited the Abyss 1 time.


   Skills:
 + Level 3.0 Fighting
 + Level 1.7 Polearms
 + Level 1.7 Armour
 + Level 0.8 Dodging
 + Level 2.4 Invocations


You couldn't memorise any spells.
You didn't know any spells.
Your spell library was empty.

Inventory:

Hand Weapons
 a - a +1 spear (weapon)
Armour
 b - a +0 leather armour (worn)
Jewellery
 G - an amulet of guardian spirit (around neck)
   (You found it on level 1 of the Abyss)

Dungeon Overview and Level Annotations

Branches:
Dungeon (0/15)

Altars:

.###/#│##.#... #
... #<..│.#......#
#.. ##│#│#.#.. ...
#.. #│.│#.# . ..#
#...##X.│###..##..
#..#...│.#....
#...w.....#
##..z......#
#...@......#
....##.....#...
###. ##...###.. .
.3...# .. .
....... ..x......
....."...#
##.....#..#


You could see a tentacled starspawn, an ancient zyme, a neqoxec, a starspawn
tentacle and a flying skull.


Message History

🤖 Initializing magus.rc ... ✅ Successfully initialized magus.rc [v1.9.10] Welcome, spiderkeys the Demonspawn Abyssal Knight.
Will you be the one to retrieve the fabled Orb of Zot from the depths?
Lugonu says: Depart the Abyss and spread corruption, my servant! (use the ability menu to exit the Abyss) Press ? for a list of commands and other information.
Found a corrupted altar of Lugonu.
Found a gateway leading out of the Abyss.
G - an amulet of guardian spirit You start putting on your amulet.
You continue putting on your amulet of guardian spirit. x5
You finish putting on your amulet of guardian spirit.
You feel your power drawn to a protective spirit.
G - an amulet of guardian spirit (around neck)
Found a corrupted altar of Lugonu.
A flying skull comes into view.
The flying skull gives a hideous shriek!
You hear a chilling moan.
An iron imp comes into view.
The iron imp shouts!
The flying skull hits you. 😕 HP[-4]
You take 4 damage, and now have 14/18 hp.
MASSIVE DAMAGE!! (PAUSE)
The flying skull hits you but does no damage.
The flying skull hits you. 😮 HP[-4]
You take 4 damage, and now have 10/18 hp.
MASSIVE DAMAGE!! (PAUSE)
The flying skull hits you!
* * * LOW HITPOINT WARNING * * *
😱 HP[-6] MP[-1]
You take 6 damage, and now have 4/18 hp.
MASSIVE DAMAGE!! (PAUSE)
You lost 1 mp, and now have 1/2 mp.
Unknown command.
A tentacled starspawn comes into view.
A tentacle flies out from the starspawn's body!
A starspawn tentacle comes into view.
The flying skull closely misses you.
A starspawn tentacle comes into view.
The starspawn tentacle grabs you.
* * * LOW HITPOINT WARNING * * *
The starspawn tentacle constricts you. 😱 HP[-1] MP[-1]
You take 1 damage, and now have 3/18 hp.
You lost 1 mp, and now have 0/2 mp.
Unknown command.
Unknown command.
Unknown command.
You escape the starspawn tentacle's grasp.
A neqoxec comes into view.
The neqoxec shouts!
The flying skull hits you.
* * * LOW HITPOINT WARNING * * *
An ancient zyme comes into view.
You feel yourself growing ill in the presence of the ancient zyme.
The neqoxec gestures at you.
You feel dopey.
Something feeds on your intellect! 😱 HP[-1]
You take 1 damage, and now have 2/18 hp.
The flying skull hits you!
Ouch! That really hurt!
You die...

Action                   || total
-------------------------++-------
Armor: Leather armour    ||     1
Dodge: Dodged            ||     1

Levels and vault maps discovered:
Abyss:1:  base: Temple, base:
Temple

Notes
Turn   | Place    | Note
-------+----------+-------------------------------------------
     0 | Abyss:1  | spiderkeys the Demonspawn Abyssal Knight began the quest
                  | for the Orb.
     0 | Abyss:1  | Reached XP level 1. HP: 18/18 MP: 2/2
     0 | Abyss:1  | magus.rc [v1.9.10]
    17 | Abyss:1  | Found a corrupted altar of Lugonu.
    46 | Abyss:1  | Found a corrupted altar of Lugonu.
    70 | Abyss:1  | Noticed a flying skull
    80 | Abyss:1  | Noticed an iron imp
    89 | Abyss:1  | HP: 4/18 [flying skull (6)]
    90 | Abyss:1  | Noticed a tentacled starspawn
    93 | Abyss:1  | Noticed a neqoxec
    94 | Abyss:1  | HP: 2/18 [flying skull (1)]
    95 | Abyss:1  | Noticed an ancient zyme
    96 | Abyss:1  | Mangled by a flying skull

Vanquished Creatures (others)
  A starspawn tentacle (Abyss:1)
1 creature vanquished.

Table legend:
 A = Non-vault XP
 B = Vault XP
 C = Vault XP percentage of total XP
 D = Non-vault monster count
 E = Vault monster count
 F = Vault count percentage of total count
                 A         B        C        D         E       F
            +---------+---------+-------+---------+---------+-------
      Total |       0 |       0 |   N/A |       0 |       0 |  -nan
            +---------+---------+-------+---------+---------+-------
            +---------+---------+-------+---------+---------+-------

Illustrated notes

Table legend: (Time is in decaauts)
 A = Elapsed time spent in this place.
 B = Non-inter-level travel time spent in this place.
 C = Inter-level travel time spent in this place.
 D = Time resting spent in this place.
 E = Time spent auto-exploring this place.
 F = Levels seen in this place.
 G = Mean time per level.
                   A        B        C        D        E       F      G
               +--------+--------+--------+--------+--------+-----+--------+
         Total |     96 |     96 |      0 |      0 |     41 |   1 |   96.0 |
         Abyss |     96 |     96 |      0 |      0 |     41 |   1 |   96.0 |
               +--------+--------+--------+--------+--------+-----+--------+

Top non-repeatable levels by time:
 Abyss:1: 96 daAuts
